AoeStats
← metaL1c-_-

Arabia

508934970Analyzed
1v1 RM · 9d ago on Sep 24, 2026· 26m 28s· 2 players
Game mode
Random Map
Map size
Tiny (2 player)
Population
200
Speed
Normal
Resources
Standard
Victory
Conquest
Starting age
Dark Age
Ending age
Imperial Age
RankedLock teamsTeams togetherTeam positionsShared explorationLock speedFull tech treeHidden civsTurbo modeCheats
Victory
Defeat
🇦🇷 Burmese · Argentina
742
+33
🇰🇿 Vietnamese · Kazakhstan
724
-15
metaL1c-_-
9:44 Feudal Age
10:13 Double-Bit Axe
10:11 Horse Collar
17:50 Forging
19:28 Scale Barding Armor
24:07 Castle Age
22:19 Scale Barding Armor
22:55 Gold Mining
24:19 Bloodlines
24:03 Stone Mining
24:11 Fletching
25:23 Husbandry
26:05 Light Cavalry
Leoaveces
6:51 Loom
9:00 Feudal Age
14:45 Forging
16:08 Bloodlines
23:53 Castle Age
24:09 Scale Barding Armor
23:57 Fletching
26:59 Husbandry
Connection lost

Rejoining the realm…

Still unreachable

The connection could not be restored.

Session expired

The server has moved on; the page needs a fresh start.